 Dungeon Crawl Stone Soup version 0.19-a0-713-g934ebc7 (webtiles) character file.

12536 mrath the Spear-Bearer (level 11, -7/99 HPs)
             Began as a Black Draconian Berserker on June 21, 2016.
             Was a High Priest of Trog.
             Mangled by a manticore (10 damage)
             ... summoned by a boggart
             ... on level 11 of the Dungeon.
             The game lasted 01:23:10 (17917 turns).

mrath the Spear-Bearer (Black Draconian Berserker) Turns: 17917, Time: 01:23:11

Health: -7/99      AC:  9    Str: 20    XL:     11   Next: 63%
Magic:  16/16      EV: 18    Int: 12    God:    Trog [*****.]
Gold:   717        SH:  0    Dex: 16    Spells: 0 memorised, 10 levels left

rFire  . . .     SeeInvis .     l - +4 trident
rCold  . . .     Gourm    .     (armour unavailable)
rNeg   . . .     Faith    .     (no shield)
rPois  .         Spirit   .     (helmet restricted)
rElec  +         Dismiss  .     s - +1 cloak
rCorr  .         Reflect  .     (no gloves)
SustAt .         Harm     .     (no boots)
MR     .....                    (no amulet)
Stlth  +.........               Y - +5 ring of intelligence
                                e - +2 ring of dexterity

@: not resistant to hostile enchantments, very unstealthy
A: breathe lightning, unfitting armour, electricity resistance, cold-blooded, AC
+7
a: Breathe Lightning, Berserk, Trog's Hand, Brothers in Arms, Burn Spellbooks,
Renounce Religion


You were on level 11 of the Dungeon.
You worshipped Trog.
Trog was extremely pleased with you.
You were not hungry.

You visited 2 branches of the dungeon, and saw 12 of its levels.
You also visited: Sewer and Ossuary.

You collected 717 gold pieces.

Inventory:

Hand Weapons
 j - a +0 blowgun
 l - a +4 trident (weapon)
Missiles
 a - 3 curare-tipped needles
 d - 2 javelins (quivered)
 J - 15 poisoned needles
 Q - 2 tomahawks
Armour
 p - a +0 shield
 s - a +1 cloak (worn)
Rods
 t - a +0 rod of inaccuracy (10/10)
   (You found it on level 9 of the Dungeon)
Jewellery
 e - a +2 ring of dexterity (left hand)
 i - an uncursed ring of flight
 m - an uncursed amulet of magic regeneration
 w - an uncursed ring of positive energy
 B - an uncursed ring of resist corrosion
 V - an uncursed ring of protection from fire
 Y - a +5 ring of intelligence (right hand)
Wands
 F - a wand of flame (23/48)
 N - a wand of slowing (31/48)
 R - a wand of iceblast (12/15)
Scrolls
 g - a scroll of identify
 h - 9 scrolls of remove curse
 n - 5 scrolls of fear
 x - 3 scrolls of blinking
 L - a scroll of fog
 M - 2 scrolls of teleportation
 X - 2 scrolls of magic mapping
Potions
 c - 2 potions of heal wounds
 f - 2 potions of might
 q - 8 potions of curing
 u - 2 potions of agility
 z - 2 potions of haste
 A - 3 potions of flight
 O - 2 potions of cure mutation
Comestibles
 b - 5 bread rations
 k - 4 chunks of flesh
 o - 5 slices of pizza
 C - 6 meat rations


   Skills:
 + Level 9.9 Fighting
 * Level 10.7 Polearms
 + Level 6.7 Throwing
 + Level 8.0 Dodging
 + Level 7.2 Evocations


You had 10 spell levels left.
You didn't know any spells.

Dungeon Overview and Level Annotations

Branches:
Dungeon (11/15)            Temple (1/1) D:6            Lair (0/6) D:11
    Orc: D:9-12

Altars:
Ashenzari
Dithmenos
Elyvilon
Fedhas
Gozag
Hepliaklqana
Kikubaaqudgha
Makhleb
Nemelex Xobeh
Okawaru
Pakellas
Qazlal
Ru
Sif Muna
Trog
Vehumet
Xom
Yredelemnul
Zin
The Shining One


Innate Abilities, Weirdness & Mutations

You can breathe wild blasts of lightning.
Your glossy black scales are hard. (AC +7)
Your body does not fit into most forms of armour.
You are resistant to electric shocks. (rElec)
You are cold-blooded and may be slowed by cold attacks.


Message History

The boggart barely misses you. The manticore bites you!!
* * * LOW HITPOINT WARNING * * *
The manticore claws you but does no damage.
The manticore barely misses you.
You puncture the boggart!
The boggart is almost dead.
The boggart closely misses you.
The boggart gestures wildly while chanting.
The manticore bites you!
* * * LOW HITPOINT WARNING * * *
The manticore misses you. The manticore claws you.
* * * LOW HITPOINT WARNING * * *
You puncture the boggart!
You kill the boggart!
Trog accepts your kill.
Trog appreciates your killing of a magic user.
The boggart closely misses you. The crimson imp barely misses you.
The manticore closely misses you. The manticore completely misses you.
The manticore claws you!
You die...

#.........# #..# #.........#
#..#
#.........#####..#############
#.............................
#...............[.............
#.......####.h#######..#####..
#.......# #.g# #..# #.. #..#
#..# #.. #H@# #..# #.. #(5#
#..# ##.. ..... .... ....
........ .... .... ##..######
#### #.. #.g #.


You could see a manticore, a boggart, a hound and a crimson imp.

Vanquished Creatures
  A hydra (D:10)
  Pikel (D:8)
  2 hill giants (D:10)
  A gargoyle (D:11)
  Prince Ribbit (D:7)
  A vampire (D:11)
  A spriggan (D:9)
  6 yaks
  2 wyverns
  A hungry ghost (D:11)
  3 hippogriffs
  A water moccasin (D:7)
  4 orc warriors
  2 slaves (D:8)
  A phantom (D:6)
  2 sky beasts
  5 ice beasts
  An eye of draining (D:11)
  2 boggarts (D:11)
  4 ogres
  16 centaurs
  A crocodile (D:11)
  A gnoll sergeant (D:9)
  10 big kobolds
  6 giant frogs
  3 scorpions
  26 killer bees
  15 wights
  An electric eel (D:10)
  A howler monkey (D:6)
  3 crimson imps
  4 centaur zombies (Ossuary)
  A quasit (D:5)
  3 jellies
  5 hounds
  Crazy Yiuf (D:2)
  A giant frog skeleton (D:8)
  A gnoll shaman (D:9)
  8 orc priests
  2 centaur skeletons
  3 iguanas
  Natasha (thrice) (D:2)
  3 worker ants
  6 orc wizards
  3 big kobold zombies (Ossuary)
  2 hound skeletons
  5 mummies (Ossuary)
  13 adders
  11 gnolls
  A river rat (Sewer)
  2 shadow imps
  3 oozes
  5 worms
  3 dart slugs (D:2)
  3 giant geckos
  22 orcs
  7 ball pythons
  9 bats
  11 giant cockroaches
  7 goblins
  9 hobgoblins
  15 jackals
  4 quokkas
  A giant gecko skeleton (D:3)
  A giant gecko zombie (D:8)
  4 giant newts
  3 hobgoblin zombies (Ossuary)
  17 kobolds
  17 rats
344 creatures vanquished.

Vanquished Creatures (others)
  2 slaves (D:8)
  A sky beast (D:8)
  A crimson imp (D:8)
  2 orc wizards (D:8)
  4 orcs (D:8)
  A quokka (D:6)
  A fungus (D:11)
  A plant (D:11)
13 creatures vanquished.

Grand Total: 357 creatures vanquished

Notes
Turn   | Place    | Note
--------------------------------------------------------------
     0 | D:1      | mrath the Draconian Berserker began the quest for the Orb.
     0 | D:1      | Reached XP level 1. HP: 19/19 MP: 1/1
   242 | D:1      | You fall through a shaft!
   244 | D:2      | Reached XP level 2. HP: 26/26 MP: 2/2
   654 | D:1      | Reached XP level 3. HP: 20/33 MP: 3/3
  1174 | D:2      | Noticed Crazy Yiuf
  1180 | D:2      | Killed Crazy Yiuf
  1180 | D:2      | Reached ** piety under Trog
  1180 | D:2      | Reached XP level 4. HP: 40/40 MP: 4/4
  1530 | D:2      | Reached skill level 4 in Polearms
  1661 | D:2      | Noticed Natasha
  1677 | D:2      | Killed Natasha
  1868 | D:2      | Reached XP level 5. HP: 41/47 MP: 5/5
  2264 | D:2      | Noticed Natasha
  2285 | D:2      | Killed Natasha
  2313 | D:2      | Noticed Natasha
  2543 | D:2      | Killed Natasha
  2693 | D:2      | Found a burning altar of Makhleb.
  2693 | D:2      | Found a shimmering altar of Xom.
  2871 | D:3      | Reached skill level 5 in Fighting
  3143 | D:3      | Reached *** piety under Trog
  3262 | D:3      | Found a shattered altar of Ashenzari.
  3262 | D:3      | Found a glowing silver altar of Zin.
  3479 | D:4      | Found a shadowy altar of Dithmenos.
  3490 | D:3      | Reached XP level 6. HP: 47/56 MP: 6/6
  3623 | D:4      | Found a hazy altar of Hepliaklqana.
  3941 | D:4      | Found a glowing golden altar of the Shining One.
  4033 | D:5      | Entered Level 5 of the Dungeon
  4035 | D:5      | Noticed an ice beast
  4436 | D:5      | Reached skill level 1 in Evocations
  4524 | D:5      | Found a glowing drain.
  4538 | D:5      | Reached skill level 5 in Polearms
  4558 | Sewer    | Entered a sewer
  4623 | Sewer    | Reached skill level 1 in Throwing
  4642 | Sewer    | Your scales start taking on a glossy black colour.
  4642 | Sewer    | Reached XP level 7. HP: 47/62 MP: 6/8
  4642 | Sewer    | Gained mutation: You are resistant to electric shocks. (rElec) [Black Draconian growth]
  5336 | Sewer    | Reached **** piety under Trog
  5336 | Sewer    | Reached skill level 6 in Polearms
  5679 | D:5      | Reached XP level 8. HP: 37/70 MP: 9/9
  6000 | D:6      | Found a white marble altar of Elyvilon.
  6181 | D:6      | Found a bloodstained altar of Trog.
  6284 | D:6      | Reached skill level 5 in Dodging
  6305 | D:6      | Found a staircase to the Ecumenical Temple.
  6725 | Temple   | Entered the Ecumenical Temple
  6948 | D:5      | Received a gift from Trog
  8325 | D:7      | Found an iron altar of Okawaru.
  8363 | D:7      | Reached skill level 7 in Polearms
  8462 | D:7      | Found an ancient bone altar of Kikubaaqudgha.
  8462 | D:7      | Found a blossoming altar of Fedhas.
  8474 | D:7      | Reached XP level 9. HP: 45/79 MP: 12/12
  8685 | D:7      | Found a sacrificial altar of Ru.
  9068 | D:7      | Noticed Prince Ribbit
  9751 | D:7      | Killed Prince Ribbit
  9751 | D:7      | Reached skill level 5 in Evocations
 10452 | D:8      | Reached skill level 8 in Polearms
 10525 | D:8      | Found an oddly glowing altar of Pakellas.
 10627 | D:8      | Found a sand-covered staircase.
 10639 | Ossuary  | Entered an ossuary
 10817 | Ossuary  | Reached XP level 10. HP: 88/88 MP: 14/14
 10998 | D:8      | Found a stormy altar of Qazlal.
 11091 | D:8      | Noticed Pikel
 11122 | D:8      | Killed Pikel
 11122 | D:8      | Reached skill level 5 in Throwing
 11330 | D:8      | Received a gift from Trog
 11768 | D:9      | HP: 1/90 [orc warrior/halberd (10)]
 11785 | D:8      | HP: 4/90 [iguana (8)]
 12400 | D:9      | Reached skill level 9 in Polearms
 13017 | D:9      | Identified a +0 rod of inaccuracy (10/10) (You found it on level 9 of the Dungeon)
 13587 | D:9      | Reached ***** piety under Trog
 13951 | D:9      | Found a basalt altar of Yredelemnul.
 14348 | D:10     | Entered Level 10 of the Dungeon
 14376 | D:10     | Got a brightly glowing hunting sling
 14377 | D:10     | Identified the +1 hunting sling "Lamauf" {flame, rPois Str+5 Int-3} (You found it on level 10 of the Dungeon)
 14597 | D:10     | Reached XP level 11. HP: 67/97 MP: 15/15
 14887 | D:10     | Noticed a hill giant
 14912 | D:10     | Killed a hill giant
 15048 | D:10     | Noticed a hill giant
 15055 | D:10     | Killed a hill giant
 15246 | D:10     | Reached skill level 10 in Polearms
 15311 | D:10     | Noticed a five-headed hydra
 15318 | D:10     | Killed a five-headed hydra
 17811 | D:11     | Found a staircase to the Lair.
 17915 | D:11     | HP: 3/99 [manticore[a boggart] (6)]
 17917 | D:11     | Mangled by a manticore

Vault maps used:
D:1:      lemuel_arrival_funnel
D:2:      gammafunk_temple_overflow_wave, minmay_misc_feat_square, uniq_natasha,
          uniq_crazy_yiuf_cottage
D:3:      gammafunk_temple_overflow_elements
D:4:      old_standard_altar, overflow_temple_1_default, first_bread,
          nicolae_dithmenos_the_darkroom
D:5:      gup_sewer_entry_glass
D:6:      kennysheep_mini_moat, minmay_temple_entry_overgrown, elyvilon_altar_4
D:7:      grunt_temple_overflow_growth_and_decay, okawaru_ov_weapons_minmay,
          nicolae_ru_sacrificial_ziggurat, uniq_prince_ribbit1
D:8:      lemuel_doored_altar, old_standard_altar,
          nicolae_ossuary_entry_monument, uniq_pikel
D:9:      overflow_temple_1_default, grunt_pizzeria, nrook_mini_vaults
D:11:     grunt_lair_entry_orc_guard_hut
Temple:   circular_temple_6
Sewer:    sewer_co_tree
Ossuary:  ossuary_the_hunt_dpeg

Skill      XL: |  1  2  3  4  5  6  7  8  9 10 11 |
---------------+----------------------------------+-----
Dodging        | 3 4 5 6 7 8 |  8.0
Fighting       | 4 5 6 7 8 9 |  9.9
Polearms       | 4 5 6 7 8 9 10 | 10.7
Evocations     | 1 2 4 5 6 7 |  7.2
Throwing       | 1 2 3 4 5 6 |  6.7

Action                   |  1- 3 |  4- 6 |  7- 9 | 10-12 || total
-------------------------+-------+-------+-------+-------++-------
Melee: Spear             |   114 |   346 |   153 |       ||   613
       Tailslap          |    17 |    47 |    87 |   100 ||   251
       Trident           |       |       |   331 |   583 ||   914
Throw: Javelin           |     3 |    24 |    69 |    36 ||   132
       Tomahawk          |       |       |    12 |     1 ||    13
       Throwing net      |       |       |     2 |     5 ||     7
Invok: Berserk           |     1 |     1 |     5 |    14 ||    21
       Trog's Hand       |       |       |     1 |       ||     1
       Burn Spellbooks   |       |       |       |     2 ||     2
  Use: Scroll            |       |       |    10 |    13 ||    23
       Potion            |       |       |       |     2 ||     2
 Stab: Sleeping          |       |     3 |     1 |     7 ||    11
       Held in net/web   |       |       |       |     2 ||     2
  Eat: Chunk             |     1 |    13 |    15 |    32 ||    61
       Bread ration      |       |       |     2 |       ||     2
       Beef jerky        |       |       |     1 |     2 ||     3
       Pizza             |       |       |       |     3 ||     3
Armor: Skin              |    18 |   105 |   149 |   139 ||   411
Dodge: Dodged            |    68 |   216 |   359 |   447 ||  1090
